 Dungeon Crawl Stone Soup version 0.15-a0-368-g875a5fb (webtiles) character file.

92 4tharraofdagon the Insei (level 4, -4/42 HPs)
             Began as a Naga Monk on May 4, 2014.
             Slain by an orc wizard
             ... wielding a +1,+1 dagger
              (5 damage)
             ... on Level 4 of the Dungeon.
             The game lasted 00:04:08 (518 turns).

4tharraofdagon the Insei (Naga Monk)                 Turns: 518, Time: 00:04:08

HP  -4/42        AC  2     Str 14      XL: 4   Next:  1%
MP   4/4         EV 11     Int 10      God:
Gold 34          SH  0     Dex 14      Spells:  0 memorised,  3 levels left

rFire  . . .     SeeInvis +     e - +1,+2 dagger (venom)
rCold  . . .     Clarity  .     j - +0 robe (curse)
rNeg   . . .     Conserve .     (no shield)
rPois  +         rCorr    .     (no helmet)
rElec  .         rRot     .     (no cloak)
SustAb . .       Spirit   .     (no gloves)
rMut   .         Warding  .     (no barding)
Saprov . . .     Stasis   .     (no amulet)
MR     .....                    (no ring)
                                (no ring)

@: short of breath, slowed, very slow, not resistant to hostile enchantments,
fairly stealthy
A: spit poison, see invisible, deformed body, poison resistance, slowness 2, AC
+1
a: Spit Poison


You were on level 4 of the Dungeon.
You were hungry.

You visited 1 branch of the dungeon, and saw 4 of its levels.

You collected 34 gold pieces.

Inventory:

Hand weapons
 e - a +1,+2 dagger of venom (weapon)
Armour
 a - a +0 robe
 j - a cursed +0 robe (worn)
Comestibles
 b - 3 bread rations
 i - a meat ration
 m - a choko
Scrolls
 c - a scroll of enchant armour {unknown}
 d - a scroll of teleportation {unknown}
 f - a scroll of immolation {unknown}
 g - a scroll of remove curse {unknown}
 h - a scroll of random uselessness {unknown}
 k - a scroll of blinking {unknown}


   Skills:
 + Level 3.4 Fighting
 + Level 2.7 Dodging
 + Level 3.3 Stealth
 * Level 4.8 Unarmed Combat


You had 3 spell levels left.
You didn't know any spells.

Dungeon Overview and Level Annotations

Branches:
Dungeon (4/15)
 Temple: D:4-7

Altars:

Annotations:
D:2 Ijyb


Innate Abilities, Weirdness & Mutations

You cannot wear boots.
You can spit poison.
Your serpentine skin is tough (AC +1).
You have supernaturally acute eyesight.
Armour fits poorly on your strangely shaped body.
Your system is resistant to poisons.
You cover ground very slowly.


Message History

* * * LOW HITPOINT WARNING * * *
The orc wizard hits you but does no damage.
Unknown command.
Unknown command.
You hit the orc wizard but do no damage.
The orc wizard is almost dead.
The orc wizard hits you but does no damage.
The kobold closely misses you.
The orc wizard points at you and mumbles some strange words.
The magic dart hits you!
* * * LOW HITPOINT WARNING * * *
The kobold barely misses you.
Unknown command.
Unknown command.
Use which ability? (? or * to list)
Press: ? - help, Shift-Dir - straight line, f/p - kobold
Aim: a kobold The splash of poison misses the kobold.
You feel slightly more hungry. The orc wizard hits you with a dagger.
You die...

########## .........
#.....# #######.....#
#...#.......#
#...#.......###
##########...#%...).)...
....)..K..)).........####
..###.o@................
##..(...#####.#.####
##.#...# #.#.# #.#...#
#...# #.###.# #...# ###
#.# ....# #.. h.#. #... .


You could see an orc wizard and a kobold.

Vanquished Creatures
  An adder (D:2)
  A worm (D:2)
  A giant eyeball (D:4)
  An iguana skeleton (D:4)
  3 orcs (D:4)
  A ball python (D:2)
  8 bats
  6 goblins
  2 hobgoblins
  4 kobolds
  2 giant cockroaches
  A giant newt (D:2)
  2 jackals (D:2)
  A rat (D:2)
34 creatures vanquished.

Notes
Turn   | Place    | Note
--------------------------------------------------------------
     0 | D:1      | 4tharraofdagon, the Naga Monk, began the quest for the Orb.
     0 | D:1      | Reached XP level 1. HP: 21/21 MP: 1/1
    11 | D:1      | oh well at least i didnt lost promising char...
    78 | D:1      | Reached XP level 2. HP: 20/28 MP: 2/2
   322 | D:2      | Reached XP level 3. HP: 31/34 MP: 3/3
   388 | D:2      | Noticed Ijyb
   452 | D:4      | Paralysed by a giant eyeball for 4 turns
   501 | D:4      | Reached XP level 4. HP: 17/42 MP: 4/4
   517 | D:4      | HP: 1/42 [orc wizard/magic dart (8)]
   518 | D:4      | Slain by an orc wizard

Action                   |  1- 3 |  4- 6 || total
-------------------------+-------+-------++-------
Melee: Unarmed           |    18 |       ||    18
       Dagger            |    54 |     7 ||    61
 Abil: Spit Poison       |    27 |     3 ||    30
  Use: Potion            |     4 |     1 ||     5
 Stab: Sleeping          |     1 |       ||     1
